HSSL
BILLINGS WEST HS GOLDEN BEARS @ OVERLAND PARK HS TRIPLETS
04/05/2024
 
TOP OF THE 1ST
Billings West HS Golden Bears batting - Pitching for Overland Park HS Triplets : RHP Tom Skiffington
Pitching: RHP Tom Skiffington
Batting: RHB Dennis Garner 0-0: Ball
1-0: Foul Ball, location: 2F
1-1: Ball
2-1: Swinging Strike
2-2: Ball
3-2: Fly out, F8 (Line Drive, 8LM)
Batting: RHB Spike Kennedy 0-0: Foul Ball, location: 2F
0-1: Ball
1-1: Ground out 1-3 (Groundball, 25)
Batting: RHB Cole Boehmer 0-0: Ball
1-0: Fly out, F3 (Popup, 34)
Top of the 1st over - 0 run(s), 0 hit(s), 0 error(s), 0 left on base; Billings West HS 0 - Overland Park HS 0
BOTTOM OF THE 1ST
Overland Park HS Triplets batting - Pitching for Billings West HS Golden Bears : LHP Léo Dubeau
Pitching: LHP Léo Dubeau
Batting: LHB John Washington 0-0: Called Strike
0-1: Called Strike
0-2: Strikes out swinging
Batting: RHB Simon Plante 0-0: Called Strike
0-1: Swinging Strike
0-2: Foul Ball, location: 2F
0-2: Ball
1-2: Ball
2-2: Ball
3-2: Base on Balls
Batting: RHB Edgardo Morales 0-0: Ball
1-0: Called Strike
1-1: Foul Ball, location: 2F
1-2: Foul Ball, location: 2F
1-2: Ball
2-2: Ball
3-2: Base on Balls
Simon Plante to second
Batting: RHB Preston Church 0-0: Ball
1-0: Called Strike
1-1: Swinging Strike
1-2: Foul Ball, location: 2F
1-2: Strikes out swinging
Batting: RHB T.J. Kaufman 0-0: Foul Ball, location: 2F
0-1: Foul Ball, location: 2F
0-2: SINGLE (Groundball, 4M)
Simon Plante to third
Edgardo Morales to second
Runner from 3rd tries for Home, SAFE, no throw or cutoff
Batting: RHB Ben Simpson 0-0: Called Strike
0-1: Ball
1-1: Ball
2-1: SINGLE (Line Drive, 7LS)
Edgardo Morales to third
T.J. Kaufman to second
Runner from 3rd tries for Home, SAFE, throw made at trailing runner, OUT at third!
Bottom of the 1st over - 2 run(s), 2 hit(s), 0 error(s), 1 left on base; Billings West HS 0 - Overland Park HS 2
TOP OF THE 2ND
Billings West HS Golden Bears batting - Pitching for Overland Park HS Triplets : RHP Tom Skiffington
Batting: LHB Duane Lemay 0-0: Hit by Pitch
Batting: RHB Chris Hall 0-0: Ball
1-0: Fielders Choice at 2nd, 1-6 (Groundball, 23)
Batting: LHB Andrew Holt 0-0: Called Strike
Chris Hall steals 2nd base
0-1: Ground out 4-3 (Groundball, 34)
Chris Hall to third
Batting: RHB Bill Reed 0-0: Fly out, F6 (Popup, 6)
Top of the 2nd over - 0 run(s), 0 hit(s), 0 error(s), 1 left on base; Billings West HS 0 - Overland Park HS 2
BOTTOM OF THE 2ND
Overland Park HS Triplets batting - Pitching for Billings West HS Golden Bears : LHP Léo Dubeau
Batting: RHB Lorne McClain 0-0: Called Strike
0-1: Ball
1-1: Foul Ball, location: 2F
1-2: Strikes out looking
Batting: RHB Jesús Arévalo 0-0: Ball
1-0: Ball
2-0: Called Strike
2-1: Swinging Strike
2-2: Ball
3-2: Foul Ball, location: 2F
3-2: Base on Balls
Batting: RHB Matt Bascombe 0-0: Called Strike
0-1: Swinging Strike
0-2: Hit by Pitch
Jesús Arévalo to second
Batting: LHB John Washington 0-0: Ball
1-0: Foul Ball, location: 2F
1-1: Ball
2-1: Ball
3-1: Base on Balls
Jesús Arévalo to third
Matt Bascombe to second
Batting: RHB Simon Plante 0-0: Ball
1-0: Ball
2-0: Foul Ball, location: 2F
2-1: Foul Ball, location: 2F
2-2: Foul Ball, location: 2F
2-2: Fly out, F2 (Popup, 23F)
Batting: RHB Edgardo Morales 0-0: Ball
1-0: Foul Ball, location: 2F
1-1: Ball
2-1: Foul Ball, location: 2F
2-2: Ball
3-2: Foul Ball, location: 2F
3-2: SINGLE (Line Drive, 89S)
Jesús Arévalo scores
Matt Bascombe to third
John Washington to second
Matt Bascombe scores
John Washington to third
Batting: RHB Preston Church 0-0: Swinging Strike
0-1: Ball
1-1: Ball
2-1: Ball
3-1: Swinging Strike
3-2: Base on Balls
Edgardo Morales to second
Batting: RHB T.J. Kaufman 0-0: Ball
1-0: Ball
2-0: Ball
3-0: Base on Balls
John Washington scores
Edgardo Morales to third
Preston Church to second
Batting: RHB Ben Simpson 0-0: Called Strike
0-1: Ball
1-1: Foul Ball, location: 2F
1-2: Strikes out looking
Bottom of the 2nd over - 3 run(s), 1 hit(s), 0 error(s), 3 left on base; Billings West HS 0 - Overland Park HS 5
TOP OF THE 3RD
Billings West HS Golden Bears batting - Pitching for Overland Park HS Triplets : RHP Tom Skiffington
Batting: SHB Ray O'Dell 0-0: Ball
1-0: Bunt missed!
1-1: Ground out 4-3 (Groundball, 4)
Batting: RHB Jason Nava 0-0: Ball
1-0: Foul Ball, location: 2F
1-1: Reached on error, E5 (Groundball, 56)
Batting: RHB Dennis Garner 0-0: Foul Ball, location: 2F
0-1: Ball
1-1: Reached on error, E5 (Groundball, 56)
Jason Nava to second
Batting: RHB Spike Kennedy 0-0: Foul Ball, location: 2F
0-1: Foul Ball, location: 2F
0-2: Ball
1-2: Ball
2-2: Foul Ball, location: 2F
2-2: SINGLE (Flyball, 8LS)
Jason Nava to third
Dennis Garner to second
Batting: RHB Cole Boehmer 0-0: Ball
1-0: Ball
2-0: Foul Ball, location: 2F
2-1: Ball
3-1: Base on Balls
Jason Nava scores
Dennis Garner to third
Spike Kennedy to second
Batting: LHB Duane Lemay 0-0: Ball
1-0: Foul Ball, location: 2F
1-1: Ball
2-1: Foul Ball, location: 2F
2-2: Strikes out swinging
Batting: RHB Chris Hall 0-0: Called Strike
0-1: Ball
1-1: Foul Ball, location: 2F
1-2: Ball
2-2: Ball
3-2: Foul Ball, location: 2F
3-2: SINGLE (Line Drive, 7LS)
Dennis Garner scores
Spike Kennedy to third
Cole Boehmer to second
Spike Kennedy scores
Cole Boehmer to third
Batting: LHB Andrew Holt 0-0: Ball
Wild Pitch!
Cole Boehmer scores
Chris Hall to second
1-0: Foul Ball, location: 2F
1-1: Ball
2-1: SINGLE (Line Drive, 9S)
Chris Hall to third
Runner from 3rd tries for Home, SAFE, no throw or cutoff
Batting: RHB Bill Reed 0-0: Ball
1-0: Ball
2-0: Ball
3-0: Base on Balls
Andrew Holt to second
Batting: SHB Ray O'Dell 0-0: Ball
1-0: Swinging Strike
1-1: DOUBLE (Groundball, 3L)
Andrew Holt scores
Bill Reed to third
Batting: RHB Jason Nava 0-0: Foul Ball, location: 2F
0-1: Hit by Pitch
Batting: RHB Dennis Garner 0-0: Swinging Strike
0-1: Called Strike
0-2: Strikes out looking
Top of the 3rd over - 6 run(s), 4 hit(s), 2 error(s), 3 left on base; Billings West HS 6 - Overland Park HS 5
BOTTOM OF THE 3RD
Overland Park HS Triplets batting - Pitching for Billings West HS Golden Bears : LHP Léo Dubeau
Batting: RHB Lorne McClain 0-0: Ball
1-0: Called Strike
1-1: Foul Ball, location: 2F
1-2: Reached on error, E5 (Groundball, 5)
Batting: RHB Jesús Arévalo 0-0: Ball
1-0: Ball
2-0: Foul Ball, location: 2F
2-1: Swinging Strike
2-2: Ball
3-2: Strikes out looking
Pitching: RHP Scott Roe
Batting: RHB Matt Bascombe 0-0: Ball
1-0: DOUBLE (Line Drive, 78M)
Lorne McClain to third
Batting: LHB John Washington 0-0: Called Strike
Balk!
Lorne McClain scores
Matt Bascombe to third
0-1: Ball
1-1: Foul Ball, location: 2F
1-2: Fly out, F7 (Flyball, 7M)
Runner from 3rd tags up, SCORES, throw made
Batting: RHB Simon Plante 0-0: SINGLE (Groundball, 6MD) (infield hit)
Batting: RHB Edgardo Morales 0-0: Ball
1-0: Called Strike
1-1: Foul Ball, location: 2F
1-2: SINGLE (Line Drive, 7S)
Simon Plante to second
Batting: RHB Preston Church 0-0: Fly out, F7 (Flyball, 7S)
Bottom of the 3rd over - 2 run(s), 3 hit(s), 1 error(s), 2 left on base; Billings West HS 6 - Overland Park HS 7
TOP OF THE 4TH
Billings West HS Golden Bears batting - Pitching for Overland Park HS Triplets : RHP Tom Skiffington
Batting: RHB Spike Kennedy 0-0: Ground out 4-3 (Groundball, 13)
Batting: RHB Cole Boehmer 0-0: Foul Ball, location: 2F
0-1: Foul Ball, location: 2F
0-2: Strikes out swinging, 2-3 out at first.
Batting: LHB Duane Lemay 0-0: Reached on error, E4 (Groundball, 4)
Batting: RHB Chris Hall 0-0: Called Strike
0-1: Ball
1-1: Swinging Strike
1-2: Foul Ball, location: 2F
1-2: Strikes out swinging
Top of the 4th over - 0 run(s), 0 hit(s), 1 error(s), 1 left on base; Billings West HS 6 - Overland Park HS 7
BOTTOM OF THE 4TH
Overland Park HS Triplets batting - Pitching for Billings West HS Golden Bears : RHP Scott Roe
Batting: RHB T.J. Kaufman 0-0: Ball
1-0: Called Strike
1-1: SINGLE (Line Drive, 7S)
Batting: RHB Ben Simpson 0-0: Ball
1-0: Ground out 5-3 (Groundball, 5S)
T.J. Kaufman to second
Batting: RHB Lorne McClain 0-0: Ball
1-0: Ball
2-0: Ball
3-0: Base on Balls
Batting: RHB Jesús Arévalo 0-0: Ball
1-0: Ball
2-0: Foul Ball, location: 2F
2-1: Called Strike
2-2: Fly out, F9 (Line Drive, 9M)
Batting: RHB Matt Bascombe 0-0: Ball
1-0: Ball
2-0: Foul Ball, location: 2F
2-1: Called Strike
2-2: Strikes out swinging
Bottom of the 4th over - 0 run(s), 1 hit(s), 0 error(s), 2 left on base; Billings West HS 6 - Overland Park HS 7
TOP OF THE 5TH
Billings West HS Golden Bears batting - Pitching for Overland Park HS Triplets : RHP Tom Skiffington
Batting: LHB Andrew Holt 0-0: Called Strike
0-1: Ball
1-1: Foul Ball, location: 2F
1-2: Ball
2-2: Ball
3-2: SINGLE (Groundball, 4MD)
Pitching: RHP Ronald Crockett
Batting: RHB Bill Reed 0-0: Called Strike
0-1: Ball
1-1: Called Strike
1-2: Ball
2-2: Reached on error, E5 (Groundball, 56S)
Andrew Holt to second
Batting: SHB Ray O'Dell 0-0: Called Strike
0-1: Foul Ball, location: 2F
0-2: Ball
1-2: Strikes out looking
Batting: RHB Jason Nava 0-0: 3-RUN HOME RUN (Flyball, 7LD), Distance : 352 ft
Batting: RHB Dennis Garner 0-0: Fly out, F8 (Flyball, 8LM)
Batting: RHB Spike Kennedy 0-0: Ball
1-0: Ball
2-0: Ball
3-0: Base on Balls
Batting: RHB Cole Boehmer 0-0: Called Strike
Spike Kennedy is caught stealing 2nd base
Top of the 5th over - 3 run(s), 2 hit(s), 1 error(s), 0 left on base; Billings West HS 9 - Overland Park HS 7
BOTTOM OF THE 5TH
Overland Park HS Triplets batting - Pitching for Billings West HS Golden Bears : RHP Scott Roe
Batting: LHB John Washington 0-0: Ball
1-0: Ball
2-0: Ball
3-0: Called Strike
3-1: Base on Balls
Pitching: LHP Bill Klug
Batting: RHB Simon Plante 0-0: Ball
1-0: Grounds into double play, 1-4-3 (Groundball, 15)
Batting: RHB Edgardo Morales 0-0: Called Strike
0-1: Swinging Strike
0-2: Strikes out swinging
Bottom of the 5th over - 0 run(s), 0 hit(s), 0 error(s), 0 left on base; Billings West HS 9 - Overland Park HS 7
TOP OF THE 6TH
Billings West HS Golden Bears batting - Pitching for Overland Park HS Triplets : RHP Ronald Crockett
Batting: RHB Cole Boehmer 0-0: Called Strike
0-1: Ball
1-1: SINGLE (Groundball, 56D)
Batting: LHB Duane Lemay 0-0: Ball
1-0: Called Strike
1-1: Ball
2-1: Swinging Strike
2-2: Ball
3-2: Base on Balls
Cole Boehmer to second
Batting: RHB Chris Hall 0-0: Foul Ball, location: 2F
0-1: Foul Ball, location: 2F
0-2: Foul Ball, location: 2F
0-2: Ball
1-2: Ground out 5-3 (Groundball, 5S)
Cole Boehmer to third
Duane Lemay to second
Batting: LHB Andrew Holt 0-0: Intentional Walk
Batting: RHB Bill Reed 0-0: Swinging Strike
0-1: Ball
1-1: Called Strike
1-2: Strikes out looking
Pitching: RHP Rafael Luna
Batting: SHB Ray O'Dell 0-0: Ball
1-0: Swinging Strike
1-1: Foul Ball, location: 2F
1-2: Ball
2-2: Ground out 4-3 (Groundball, 4)
Top of the 6th over - 0 run(s), 1 hit(s), 0 error(s), 3 left on base; Billings West HS 9 - Overland Park HS 7
BOTTOM OF THE 6TH
Overland Park HS Triplets batting - Pitching for Billings West HS Golden Bears : LHP Bill Klug
Batting: RHB Preston Church 0-0: Ball
1-0: Ball
2-0: Called Strike
2-1: SINGLE (Line Drive, 8RS)
Batting: RHB T.J. Kaufman 0-0: Foul Ball, location: 2F
0-1: Ball
1-1: Fly out, F9 (Flyball, 9M)
Batting: RHB Ben Simpson 0-0: Ball
1-0: Ball
2-0: Ball
3-0: Base on Balls
Preston Church to second
Batting: RHB Lorne McClain 0-0: Ball
1-0: Called Strike
1-1: Ball
2-1: Ball
3-1: Called Strike
3-2: Fielders Choice at 2nd, 5-4 (Groundball, 5)
Preston Church to third
Batting: RHB Jesús Arévalo 0-0: Ball
1-0: Foul Ball, location: 2F
1-1: Ball
2-1: Ball
3-1: Base on Balls
Lorne McClain to second
Batting: RHB Matt Bascombe 0-0: Ball
1-0: Called Strike
1-1: Foul Ball, location: 2F
1-2: Ball
2-2: Ball
3-2: Fly out, F3 (Line Drive, 3)
Bottom of the 6th over - 0 run(s), 1 hit(s), 0 error(s), 3 left on base; Billings West HS 9 - Overland Park HS 7
TOP OF THE 7TH
Billings West HS Golden Bears batting - Pitching for Overland Park HS Triplets : RHP Rafael Luna
Batting: RHB Jason Nava 0-0: Swinging Strike
0-1: Ball
1-1: Swinging Strike
1-2: Foul Ball, location: 2F
1-2: Ground out 1-3 (Groundball, 15S)
Batting: RHB Dennis Garner 0-0: Ground out U3 (Groundball, 3)
Batting: RHB Spike Kennedy 0-0: Ball
1-0: Ball
2-0: Called Strike
2-1: Called Strike
2-2: Ground out 4-3 (Groundball, 4M)
Top of the 7th over - 0 run(s), 0 hit(s), 0 error(s), 0 left on base; Billings West HS 9 - Overland Park HS 7
BOTTOM OF THE 7TH
Overland Park HS Triplets batting - Pitching for Billings West HS Golden Bears : LHP Bill Klug
Batting: LHB John Washington 0-0: Reached on error, E3 (Groundball, 3L)
Pitching: RHP Ward Hunter
Batting: RHB Simon Plante 0-0: Ball
1-0: Ball
2-0: Swinging Strike
2-1: Ball
Wild Pitch!
John Washington to third
3-1: Base on Balls
Pinch Hitting: LHB Jack Davis 0-0: Foul Ball, location: 2F
0-1: Ball
1-1: Ball
2-1: Foul Ball, location: 2F
2-2: Foul Ball, location: 2F
2-2: SINGLE (Line Drive, 7S)
John Washington scores
Simon Plante to second
Batting: RHB Preston Church 0-0: Ball
1-0: Ball
2-0: Called Strike
2-1: Swinging Strike
2-2: Strikes out swinging
Batting: RHB T.J. Kaufman 0-0: Foul Ball, location: 2F
0-1: SINGLE (Groundball, 4MD)
Simon Plante to third
Jack Davis to second
Runner from 3rd tries for Home, SAFE, no throw or cutoff
Batting: RHB Ben Simpson 0-0: Swinging Strike
0-1: Foul Ball, location: 2F
0-2: Ball
1-2: Ball
2-2: Fly out, F8 (Flyball, 8RM)
Batting: RHB Lorne McClain 0-0: Ball
1-0: Called Strike
1-1: Fly out, F8 (Flyball, 8RM)
Bottom of the 7th over - 2 run(s), 2 hit(s), 1 error(s), 2 left on base; Billings West HS 9 - Overland Park HS 9
TOP OF THE 8TH
Billings West HS Golden Bears batting - Pitching for Overland Park HS Triplets : RHP Rafael Luna
Now in RF: Jack Davis
Batting: RHB Cole Boehmer 0-0: Ball
1-0: Called Strike
1-1: SINGLE (Flyball, 8RS)
Batting: LHB Duane Lemay 0-0: Ball
1-0: Called Strike
1-1: Ball
2-1: Foul Ball, location: 2F
2-2: Foul Ball, location: 2F
2-2: Grounds into double play, 1-6-3 (Groundball, 13S)
Batting: RHB Chris Hall 0-0: Ball
1-0: Foul Ball, location: 2F
1-1: Foul Ball, location: 2F
1-2: Ball
2-2: Foul Ball, location: 2F
2-2: SINGLE (Line Drive, 89M)
Pitching: RHP Nacho Ortíz
Batting: LHB Andrew Holt 0-0: Called Strike
0-1: Foul Ball, location: 2F
0-2: Foul Ball, location: 2F
0-2: Ball
1-2: Ball
2-2: Strikes out swinging
Top of the 8th over - 0 run(s), 2 hit(s), 0 error(s), 1 left on base; Billings West HS 9 - Overland Park HS 9
BOTTOM OF THE 8TH
Overland Park HS Triplets batting - Pitching for Billings West HS Golden Bears : RHP Ward Hunter
Batting: RHB Jesús Arévalo 0-0: Foul Ball, location: 2F
0-1: Ball
1-1: Foul Ball, location: 2F
1-2: Fly out, F6 (Popup, 15)
Batting: RHB Matt Bascombe 0-0: Foul Ball, location: 2F
0-1: Swinging Strike
0-2: Strikes out looking
Batting: LHB John Washington 0-0: Called Strike
0-1: Ground out 4-3 (Groundball, 4)
Bottom of the 8th over - 0 run(s), 0 hit(s), 0 error(s), 0 left on base; Billings West HS 9 - Overland Park HS 9
TOP OF THE 9TH
Billings West HS Golden Bears batting - Pitching for Overland Park HS Triplets : RHP Nacho Ortíz
Pitching: RHP Will Shelley
Batting: RHB Bill Reed 0-0: Called Strike
0-1: Ball
1-1: Fly out, F8 (Flyball, 8LM)
Batting: SHB Ray O'Dell 0-0: Ball
1-0: Foul Ball, location: 2F
1-1: Reached on error, E4 (Groundball, 4)
Batting: RHB Jason Nava 0-0: Called Strike
0-1: Ball
1-1: Ball
2-1: Hit by Pitch
Batting: RHB Dennis Garner 0-0: Ball
1-0: Called Strike
1-1: Called Strike
1-2: Ball
2-2: Ball
3-2: Foul Ball, location: 2F
3-2: Base on Balls
Ray O'Dell to third
Jason Nava to second
Batting: RHB Spike Kennedy 0-0: Foul Ball, location: 2F
0-1: Foul Ball, location: 2F
0-2: SINGLE (Groundball, 6M)
Ray O'Dell scores
Jason Nava to third
Dennis Garner to second
Runner from 3rd tries for Home, throw and OUT!
Dennis Garner to third
Spike Kennedy to second
Batting: RHB Cole Boehmer 0-0: Intentional Walk
Pitching: RHP Eric Klein
Batting: LHB Duane Lemay 0-0: Called Strike
0-1: Ball
1-1: Ball
2-1: Foul Ball, location: 2F
2-2: Foul Ball, location: 2F
2-2: Foul Ball, location: 2F
2-2: Foul Ball, location: 2F
2-2: Foul Ball, location: 2F
2-2: Ball
3-2: Base on Balls
Dennis Garner scores
Spike Kennedy to third
Cole Boehmer to second
Batting: RHB Chris Hall 0-0: Ball
1-0: Ball
2-0: Ball
3-0: Called Strike
3-1: Base on Balls
Spike Kennedy scores
Cole Boehmer to third
Duane Lemay to second
Pitching: LHP Christian Barnes
Batting: LHB Andrew Holt 0-0: Ball
1-0: Swinging Strike
1-1: Swinging Strike
1-2: Ball
2-2: Ball
3-2: Ground out U3 (Groundball, 3)
Top of the 9th over - 3 run(s), 1 hit(s), 1 error(s), 3 left on base; Billings West HS 12 - Overland Park HS 9
BOTTOM OF THE 9TH
Overland Park HS Triplets batting - Pitching for Billings West HS Golden Bears : RHP Ward Hunter
Pitching: RHP Darrell Barnett
Batting: RHB Simon Plante 0-0: Ball
1-0: Ball
2-0: Called Strike
2-1: Swinging Strike
2-2: Foul Ball, location: 2F
2-2: Ball
3-2: Foul Ball, location: 2F
3-2: Foul Ball, location: 2F
3-2: Foul Ball, location: 2F
3-2: Ground out 4-3 (Groundball, 4M)
Batting: LHB Jack Davis 0-0: Ball
1-0: SINGLE (Line Drive, 3S)
Batting: RHB Preston Church 0-0: Ball
1-0: Fly out, F9 (Flyball, 89M)
Batting: RHB T.J. Kaufman 0-0: Called Strike
0-1: Ball
1-1: Ball
2-1: Ball
3-1: Foul Ball, location: 2F
3-2: Foul Ball, location: 2F
3-2: Foul Ball, location: 2F
3-2: Foul Ball, location: 2F
3-2: Base on Balls
Jack Davis to second
Batting: RHB Ben Simpson 0-0: Foul Ball, location: 2F
0-1: Ground out 5-3 (Groundball, 5)
Bottom of the 9th over - 0 run(s), 1 hit(s), 0 error(s), 2 left on base; Billings West HS 12 - Overland Park HS 9
This league is powered by Out of the Park Baseball, the baseball management simulation game for PC, Mac and Linux
Saturday, April 9th, 2016 - OOTP Baseball 16.8 Build 38